 Seeded DCSS version 0.29-a0-356-g7bc237e783 (webtiles) character file.

Game seed: 13387057801375688922 (custom seed)

389 zeratav the Insei (level 6, 0/38 HPs)
             Began as an Octopode Transmuter on Apr 26, 2022.
             Slain by a ball python (2 damage)
             ... on level 4 of the Dungeon.
             The game lasted 00:03:50 (3909 turns).

zeratav the Insei (Octopode Transmuter)             Turns: 3909, Time: 00:03:50

Health: 0/38       AC:  1    Str:  9    XL:     6   Next: 79%
Magic:  9/9        EV: 10    Int: 18    God:
Gold:   133        SH:  0    Dex: 12    Spells: 8/9 levels left

rFire   . . .      SeeInvis .   k - +4 club (spect) {mace}
rCold   . . .      Faith    .   (no shield)
rNeg    . . .      Spirit   .   (helmet restricted)
rPois   .          Reflect  .   (no amulet)
rElec   +          Harm     .   d - ring "Faezyas" {Wiz rElec Will+}
rCorr   .          Rampage  .   (no ring)
Will    +....                   (no ring)
Stlth   ++........              (no ring)
HPRegen 0.12/turn               (no ring)
MPRegen 0.11/turn               (no ring)
                                (no ring)
                                (no ring)

@: constricted
A: almost no armour, amphibious, 8 rings, camouflage 1, gelatinous body 1,
(nimble swimmer 1), tentacles
a: no special abilities


You were on level 4 of the Dungeon.
You visited 1 branch of the dungeon, and saw 4 of its levels.

You collected 133 gold pieces.


Innate Abilities, Weirdness & Mutations

You cannot wear most types of armour.
You are amphibious.
You can wear up to eight rings at the same time.
Your skin changes colour to match your surroundings (Stealth+).
Your rubbery body absorbs attacks. (AC +1, EV +1)
((You are camouflaged when in or above water. (Stealth+)))
You have tentacles for arms and can constrict up to eight enemies at once.


   Skills:
 - Level 1.0 Fighting
 - Level 2.0 Dodging
 + Level 7.4 Unarmed Combat
 - Level 2.0 Spellcasting
 - Level 2.0 Transmutations


You had 8 spell levels left.
You knew the following spells:

 Your Spells              Type           Power      Damage    Failure   Level
a - Beastly Appendage     Tmut           18%        N/A       3%          1

Your spell library contained the following spells:

 Spells                   Type           Power      Damage    Failure   Level
 Wereblood                Tmut           9%         N/A       4%          2
 Sandblast                Erth           2%         2d4       8%          1
 Passwall                 Tmut/Erth      4%         N/A       8%          2
 Sublimation of Blood     Necr           1%         N/A       11%         2
 Spider Form              Tmut/Pois      5%         N/A       14%         3
 Stone Arrow              Conj/Erth      2%         3d7       21%         3
 Ice Form                 Ice/Tmut       5%         N/A       41%         4
 Summon Hydra             Summ           0%         N/A       100%        7

Inventory:

Hand Weapons
 k - a +4 spectral club (weapon) {mace}
   (You took it off Jessica on level 2 of the Dungeon)
Jewellery
 d - the ring "Faezyas" (left tentacle) {Wiz rElec Will+}
   (You acquired it on level 1 of the Dungeon)

   [ring of wizardry]

   It improves your spell success rate.
   rElec:     It insulates you from electricity.
   Will:      It increases your willpower.
 m - an amulet of faith {!P}
   (You found it on level 2 of the Dungeon)
Scrolls
 b - 2 scrolls of teleportation {unknown}
 g - 2 scrolls of enchant armour {unknown}
 h - a scroll of enchant weapon {unknown}
 i - a scroll of vulnerability {unknown}
 o - a scroll of fear {unknown}
Potions
 a - 3 potions of lignification {!q}
 c - 7 potions of curing {unknown}
 e - a potion of heal wounds {unknown}
 f - a potion of attraction {unknown}
 j - a potion of berserk rage {unknown}
 l - a potion of cancellation {unknown}
 n - 2 potions of flight {unknown}
 p - a potion of mutation {unknown}
 q - a potion of ambrosia {unknown}

Dungeon Overview and Level Annotations

Branches:
Dungeon (4/15)
 Temple: D:4-7

Altars:
Xom

Annotations:
D:2 1 runed translucent door, Crazy Yiuf

#.§#.#####...##†
########....#
######.
#...?.......# #.
#...........# #.
#...........# #.
##...........#
#.
......!...####
#. .O....§...#
#. ......o@..#
........S.#
..........#
.............
..#######.#### .
.# .# .#


You could see an ogre, an orc and a ball python.


Message History

No target in view!
No target in view!
No target in view!
No target in view!
No target in view!
No target in view!
No target in view!
c - 7 brown potions (gained 2)
You now have 133 gold pieces (gained 12).
A phantom comes into view.
HP[+3]
Your hp is fully restored (38).
A phantom is nearby!
The phantom hits you.
The phantom blinks!
You blink.
An orc comes into view. It is wielding a +0 flail.
HP[-1]
You take 1 damage, and now have 37/38 hp.
You miss the phantom. Your squeeze misses the phantom.
Your +4 spectral club {mace} completely misses the phantom.
The phantom hits you.
The phantom blinks!
You blink.
An ogre, a jelly and a ball python come into view.
The phantom closely misses you.
HP[-6]
You take 6 damage, and now have 31/38 hp.
You hit the phantom. Your squeeze misses the phantom.
Your +4 spectral club {mace} hits the phantom.
The phantom barely misses you. The ball python misses you.
The ball python barely misses you.
You completely miss the phantom.
Your +4 spectral club {mace} hits the phantom!
The jelly quivers.
The ball python misses you. The ball python grabs you.
The ball python constricts you. The phantom hits you!
HP[-8]
You take 8 damage, and now have 23/38 hp.
MASSIVE DAMAGE!! (PAUSE)
You are too injured to fight recklessly!
You are too injured to fight recklessly!
You are too injured to fight recklessly!
You are too injured to fight recklessly!
You are too injured to fight recklessly!
You are too injured to fight recklessly!
You are too injured to fight recklessly!
You are too injured to fight recklessly!
You are too injured to fight recklessly!
You are too injured to fight recklessly!
You are too injured to fight recklessly!
You are too injured to fight recklessly!
Unknown command.
You escape the ball python's grasp.
The phantom hits you!
* * * LOW HITPOINT WARNING * * *
The ball python closely misses you. x2
HP[-6]
You take 6 damage, and now have 17/38 hp.
You hit the phantom.
You squeeze the phantom, but do no damage.
Your +4 spectral club {mace} hits the phantom.
The ball python barely misses you. The ball python grabs you.
The ball python constricts you.
* * * LOW HITPOINT WARNING * * *
The phantom hits you.
* * * LOW HITPOINT WARNING * * *
The ball python closely misses you. The ball python constricts you.
* * * LOW HITPOINT WARNING * * *
HP[-7]
You take 7 damage, and now have 10/38 hp.
You hit the phantom.
You destroy the phantom!
The ball python bites you.
* * * LOW HITPOINT WARNING * * *
The ball python constricts you. The jelly barely misses you.
HP[-1]
You take 1 damage, and now have 9/38 hp.
You hit the jelly.
Your tentacles burn!
* * * LOW HITPOINT WARNING * * *
Your +4 spectral club {mace} hits the jelly!
Your +4 spectral club {mace} is burned by acid!
The orc shouts!
The ball python bites you.
* * * LOW HITPOINT WARNING * * *
The ball python constricts you.
* * * LOW HITPOINT WARNING * * *
The jelly closely misses your +4 spectral club {mace}.
The orc hits your +4 spectral club {mace} with a +0 flail.
Your spectral weapon shares its damage with you!
* * * LOW HITPOINT WARNING * * *
The ball python bites you.
* * * LOW HITPOINT WARNING * * *
The ball python constricts you.
* * * LOW HITPOINT WARNING * * *
The ogre shouts!
HP[-7]
You take 7 damage, and now have 2/38 hp.
You hit the jelly.
You kill the jelly!
You hear an angry hiss.
The ball python bites you.
You die...

Skill      XL: |  1  2  3  4  5  6 |
---------------+-------------------+-----
Unarmed Combat | 4 5 6 7 |  7.4
Fighting       | |  1.0
Dodging        | |  2.0
Spellcasting   | |  2.0
Transmutations | |  2.0

Action                   |  1- 3 |  4- 6 || total
-------------------------+-------+-------++-------
Melee: Unarmed           |    55 |       ||    55
       Constrict         |    14 |    24 ||    38
       Tentacles         |    16 |    19 ||    35
       Punch             |     1 |     2 ||     3
       Club              |     3 |    78 ||    81
       Kick              |       |     2 ||     2
 Cast: Beastly Appendage |       |     1 ||     1
  Use: Scroll            |     1 |       ||     1
 Stab: Sleeping          |     3 |     6 ||     9
Armor: Skin              |     1 |     5 ||     6
Dodge: Dodged            |    37 |    52 ||    89

Levels and vault maps discovered:
D:1:      saegor_arrival_fortress, layout_rooms,
          shapermc_ecumenical_altar_acropolis, hangedman_decor_riveting
D:2:      layout_loops_corners, serial_rivers, chequers_serial_rivers_micro_a,
          chequers_serial_rivers_room_b, chequers_serial_rivers_large_b,
          chequers_serial_rivers_micro_b, minmay_randomly_rotated_circles,
          uniq_crazy_yiuf_cottage, uniq_terence, uniq_jessica
D:3:      layout_loops_cross, nicolae_overflow_hidden_temple
D:4:      layout_basic, lemuel_crystal_altar, mainiacjoe_overflow_alcove_2,
          minmay_distorted

Notes
Turn   | Place    | Note
-------+----------+-------------------------------------------
     0 | D:1      | zeratav the Octopode Transmuter began the quest for the
                  | Orb.
     0 | D:1      | Reached XP level 1. HP: 13/13 MP: 3/3
     0 | D:1      | magus.rc [v1.9.6]
   115 | D:1      | Reached XP level 2. HP: 6/18 MP: 5/5
   443 | D:1      | You pick up a book of Geomancy and begin reading...
   443 | D:1      | You add the spells Sandblast, Passwall and Stone Arrow to
                  | your library.
   501 | D:1      | You pick up a book of Blood and begin reading...
   501 | D:1      | You add the spells Sublimation of Blood and Summon Hydra to
                  | your library.
   610 | D:1      | Identified a scroll of acquirement
   610 | D:1      | Acquired the ring "Faezyas" {Wiz rElec Will+}
   858 | D:1      | Reached skill level 4 in Unarmed Combat
   880 | D:1      | Found a faded altar of an unknown god.
  1197 | D:2      | Noticed Jessica
  1202 | D:2      | Killed Jessica
  1203 | D:2      | Reached XP level 3. HP: 10/23 MP: 6/6
  1474 | D:2      | Noticed Terence
  1537 | D:2      | Reached XP level 4. HP: 26/28 MP: 7/7
  1690 | D:2      | Reached skill level 5 in Unarmed Combat
  2232 | D:2      | Found a runed translucent door.
  2233 | D:2      | Noticed Crazy Yiuf
  2382 | D:2      | HP: 7/28 [Terence/+0 hand axe (1)]
  2383 | D:2      | Killed Terence
  2384 | D:2      | Reached XP level 5. HP: 9/33 MP: 6/8
  3091 | D:3      | Reached skill level 6 in Unarmed Combat
  3709 | D:3      | Reached XP level 6. HP: 37/38 MP: 9/9
  3853 | D:4      | Found a shimmering altar of Xom.
  3857 | D:4      | Reached skill level 7 in Unarmed Combat
  3907 | D:4      | HP: 9/38 [ball python (1)]
  3908 | D:4      | HP: 3/38 [ball python (2)]
  3909 | D:4      | Slain by a ball python

Vanquished Creatures
  A phantom (D:4)
  A bullfrog (D:4)
  2 jellies
  Jessica (D:2)
  Terence (D:2)
  An iguana (D:4)
  7 adders
  2 worms (D:2)
  A dart slug (D:3)
  4 orcs (D:3)
  8 ball pythons
  4 bats
  8 endoplasms
  6 giant cockroaches
  4 goblins
  8 hobgoblins
  5 quokkas
  4 frilled lizards (D:1)
  2 kobolds (D:1)
  6 rats
76 creatures vanquished.

Table legend:
 A = Non-vault XP
 B = Vault XP
 C = Vault XP percentage of total XP
 D = Non-vault monster count
 E = Vault monster count
 F = Vault count percentage of total count
                 A         B        C        D         E       F
            +---------+---------+-------+---------+---------+-------
      Total |     478 |     120 |  20.1 |      65 |      11 |  14.5
            +---------+---------+-------+---------+---------+-------
        D:1 |      29 |       0 |   0.0 |      20 |       0 |   0.0
        D:2 |      79 |      82 |  50.9 |      21 |       8 |  27.6
        D:3 |     131 |       0 |   0.0 |      19 |       0 |   0.0
        D:4 |     239 |      38 |  13.7 |       5 |       3 |  37.5
            +---------+---------+-------+---------+---------+-------

Illustrated notes

Table legend:
 A = Kills in this place as a percentage of kills in entire the game.
 B = Kills by you in this place as a percentage of kills by you in the entire game.
 C = Kills by friends in this place as a percentage of kills by friends in the entire game.
 D = Other kills in this place as a percentage of other kills in the entire game.
 E = Experience gained in this place as a percentage of experience gained in the entire game.
 F = Experience gained in this place divided by the number of levels of this place that you have seen.
                   A       B       C       D       E      F
               +-------+-------+-------+-------+-------+----------------------
         Total | 100.0 | 100.0 |   N/A |   N/A | 100.0 | 149.5
       Dungeon | 100.0 | 100.0 |   N/A |   N/A | 100.0 | 149.5
               +-------+-------+-------+-------+-------+----------------------

Table legend: (Time is in decaauts)
 A = Elapsed time spent in this place.
 B = Non-inter-level travel time spent in this place.
 C = Inter-level travel time spent in this place.
 D = Time resting spent in this place.
 E = Time spent auto-exploring this place.
 F = Levels seen in this place.
 G = Mean time per level.
                   A        B        C        D        E       F      G
               +--------+--------+--------+--------+--------+-----+--------+
         Total |   3927 |   3840 |     87 |    530 |   2878 |   4 |  981.8 |
       Dungeon |   3927 |   3840 |     87 |    530 |   2878 |   4 |  981.8 |
               +--------+--------+--------+--------+--------+-----+--------+

Top non-repeatable levels by time:
     D:2: 2004 daAuts
     D:1: 1087 daAuts
     D:3: 734 daAuts
     D:4: 101 daAuts
